Map: Triton LE

Players

ShimOon

  • Race: Zerg Zerg
  • League: Master
  • Spawn Location: 5:00

Skyler - Winner!

  • Race: Terran Terran
  • League: Grandmaster
  • Spawn Location: 11:00

VOD

Have the link to the VOD?

Description

Time

  • Played on: Dec. 11, 2019, 11:18 a.m.
  • Length: 2:54
Show
View Real Time Build Order
Export as new Build Order

ShimOon Zerg 

Build Orders: Hatch First 

Get SALT Encoding   

  12  0:00  Drone  
  13  0:13  Overlord  
  13  0:17  Drone  
  14  0:31  Drone  
  14  0:33  Drone  
  16  0:48  Hatchery  
  15  0:51  Drone  
  15  0:55  Drone  
  17  0:58  Drone  
  18  1:09  Extractor  
  17  1:14  Spawning Pool  
  17  1:17  Drone  
  17  1:20  Drone  
  18  1:29  Drone  
  19  1:41  Drone  
  20  1:52  Drone  
  21  2:01  Queen x2  
  21  2:02  Zergling x4  
  27  2:12  Zergling x4  
Show
View Real Time Build Order
Export as new Build Order

Skyler Terran - Winner!

Build Orders:  

Get SALT Encoding   

  12  0:00  SCV  
  13  0:12  SCV  
  14  0:18  Supply Depot  
  14  0:24  SCV  
  15  0:43  Barracks  
  15  0:56  Barracks  
  15  1:04  Barracks  
  15  1:30  Marine  
  15  1:31  Barracks  
  16  1:43  Marine  
  17  1:47  Marine  
  17  1:51  Marine  
  19  1:56  Supply Depot  
  19  2:01  Marine  
  19  2:05  Marine  
  21  2:09  Marine  
  22  2:18  Marine  
  22  2:19  Marine  
  24  2:29  Marine  
  23  2:30  Marine  
Tags
 
Add a new tag
Caveats
  • Supply blocks, unpowered buildings, or Contaminate may cause inaccurate times.
  • Supply counts are checked every 10 seconds.